Map: Бюро находок РВ

Players

ProRockSpiro - Winner!

  • Race: Protoss Protoss
  • League: Diamond
  • Spawn Location: 7:00

ИИ 2 (новичок)

  • Race: Protoss Protoss
  • Spawn Location: 1:00

VOD

Have the link to the VOD?

Description

Time

  • Played on: Nov. 9, 2018, 9:44 a.m.
  • Length: 5:15
Show
View Real Time Build Order
Export as new Build Order

ProRockSpiro Protoss - Winner!

Build Orders:  

Get SALT Encoding   

  12  0:01  Probe  
  13  0:13  Probe  
  14  0:17  Pylon  
  14  0:25  Probe  
  15  0:35  Probe  
  15  0:38  Gateway  
  16  0:43  Probe  
  16  0:48  Assimilator  
  17  0:51  Probe  
  17  0:56  Assimilator  
  18  1:03  Probe  
  19  1:12  Gateway  
  19  1:16  Probe  
  20  1:26  Cybernetics Core  
  20  1:29  Probe  
  20  1:32  Pylon  
  21  1:41  Probe  
  22  1:53  Stalker x2, Probe  
  22  2:03  Warp Gate  
  26  2:09  Probe  
  27  2:22  Stalker  
  27  2:23  Stalker  
  31  2:33  Pylon  
  31  2:53  Robotics Facility  
  31  2:55  Gateway  
  31  2:58  Stalker  
  31  3:02  Sentry  
  35  3:33  Pylon  
  35  3:58  Observer  
  36  4:10  Pylon, Adept x2  
  36  4:14  Adept  
  36  4:16  Immortal  
  46  4:34  Gateway  
  46  4:50  Adept x3  
Show
View Real Time Build Order
Export as new Build Order

ИИ 2 (новичок) Protoss 

Build Orders:  

Get SALT Encoding   

  12  0:00  Probe  
  13  0:13  Probe  
  14  0:20  Pylon  
  14  0:37  Assimilator  
  14  0:43  Gateway  
  14  0:46  Pylon  
  14  1:13  Assimilator  
  14  1:22  Probe  
  14  1:24  Zealot  
  14  1:30  Probe  
  14  1:32  Cybernetics Core  
  18  1:40  Probe  
  19  1:52  Probe  
  20  2:01  Probe  
  21  2:08  Warp Gate  
  21  2:09  Probe  
  22  2:42  Stalker  
  24  3:08  Pylon  
  24  3:09  Stalker  
  26  3:43  Zealot  
  22  3:58  Probe  
  21  4:06  Probe  
  22  4:23  Zealot  
  20  4:34  Pylon  
  20  4:38  Pylon  
  20  4:39  Probe  
  19  4:51  Probe  
  9  5:01  Probe  
Tags
 
Add a new tag
Caveats
  • Supply blocks, unpowered buildings, or Contaminate may cause inaccurate times.
  • Supply counts are checked every 10 seconds.